AoeStats
← zamithdaniel

Arena

509797261Analyzed
3v3 RM · 5d ago on Sep 28, 2026· 32m 26s· 6 players
Game mode
Random Map
Map size
Normal (6 player)
Population
200
Speed
Normal
Resources
Standard
Victory
Conquest
Starting age
Dark Age
Ending age
Imperial Age
RankedLock teamsTeams togetherTeam positionsShared explorationLock speedFull tech treeHidden civsTurbo modeCheats
Victory
Defeat
🇨🇴 Celts · Colombia
998
+12
🇨🇴 Japanese · Colombia
942
+14
🇨🇴 Persians · Colombia
829
+18
🇺🇸 Wei · United States
928
-16
🇺🇸 Muisca · United States
886
-14
🇺🇸 Slavs · United States
883
-14
flank steak
8:53 Loom
11:16 Feudal Age
16:14 Castle Age
16:55 Double-Bit Axe
25:02 Wheelbarrow
30:38 Imperial Age
28:45 Squires
28:07 Pikeman
29:14 Bow Saw
30:57 Halberdier
32:49 Ballistics
32:26 Murder Holes
33:32 Chemistry
Skipperdoo
10:35 Feudal Age
14:37 Castle Age
15:42 Horse Collar
15:49 Double-Bit Axe
20:08 Wheelbarrow
21:22 Stone Mining
21:55 Bow Saw
24:51 Fletching
26:09 Bodkin Arrow
26:15 Padded Archer Armor
26:36 Treadmill Crane
27:43 Gold Mining
Puff_Sullivan
6:32 Loom
10:54 Feudal Age
14:34 Castle Age
13:17 Double-Bit Axe
13:33 Horse Collar
18:37 Bow Saw
19:49 Heavy Plow
21:25 Loom
22:30 Treadmill Crane
23:44 Wheelbarrow
24:10 Gold Mining
24:15 Stone Mining
25:35 Padded Archer Armor
25:31 Fletching
26:07 Masonry
27:49 Crossbowman
28:34 Thumb Ring
30:06 Bodkin Arrow
zamithdaniel
10:17 Feudal Age
11:02 Double-Bit Axe
11:00 Horse Collar
19:03 Castle Age
17:24 Stone Mining
17:41 Gold Mining
18:06 Scale Mail Armor
25:32 Forging
Dovahkyn
5:11 Loom
12:15 Feudal Age
17:52 Castle Age
15:41 Double-Bit Axe
15:39 Horse Collar
15:52 Gold Mining
17:42 Stone Mining
19:52 Wheelbarrow
20:37 Bow Saw
20:28 Heavy Plow
23:32 Town Watch
25:18 Gold Shaft Mining
25:27 Forging
25:17 Scale Mail Armor
27:14 Iron Casting
27:41 Chain Mail Armor
27:30 Squires
27:16 Arson
27:17 Gambesons
35:08 Imperial Age
32:58 Hand Cart
Griffith
13:09 Feudal Age
11:25 Loom
19:21 Castle Age
30:41 Padded Archer Armor
30:32 Fletching
31:09 Kamandaran
30:59 Crossbowman
31:45 Thumb Ring
32:04 Leather Archer Armor
Connection lost

Rejoining the realm…

Still unreachable

The connection could not be restored.

Session expired

The server has moved on; the page needs a fresh start.